A- SE
CLEARWATER THRESHERS @ BRADENTON MARAUDERS
07/23/2041
 
TOP OF THE 1ST
Clearwater Threshers batting - Pitching for Bradenton Marauders : RHP Greg Ramsey
Pitching: RHP Greg Ramsey
Batting: RHB Ezra Hethrington 0-0: Ball
1-0: Foul Ball, location: 5DF
1-1: Ground out 4-3 (Groundball, 4M, EV 94.4 MPH)
Batting: RHB Jake Allen 0-0: Ball
1-0: DOUBLE (Line Drive, 9LM, EV 103.8 MPH)
Batting: RHB Doug McDowell 0-0: Called Strike
0-1: Foul Ball, location: 2F
0-2: Strikes out looking
Batting: LHB Jonathan Cole 0-0: Ball
1-0: Called Strike
1-1: Ball
2-1: Foul Ball, location: 2F
2-2: Strikes out swinging
Top of the 1st over - 0 runs, 1 hit, 0 errors, 1 left on base; Clearwater 0 - Bradenton 0
BOTTOM OF THE 1ST
Bradenton Marauders batting - Pitching for Clearwater Threshers : RHP Reginald Harrison
Pitching: RHP Reginald Harrison
Batting: RHB Rob Parker 0-0: Called Strike
0-1: Swinging Strike
0-2: Fly out, F8 (Flyball, 8RD, EV 101.9 MPH)
Batting: RHB Charlie Howell 0-0: Ball
1-0: Ground out 5-3 (Groundball, 5, EV 82.5 MPH)
Batting: LHB Rich Herbert 0-0: Ball
1-0: Foul Ball, location: 7LDF
1-1: Ground out 6-3 (Groundball, 6M, EV 89.4 MPH)
Bottom of the 1st over - 0 runs, 0 hits, 0 errors, 0 left on base; Clearwater 0 - Bradenton 0
TOP OF THE 2ND
Clearwater Threshers batting - Pitching for Bradenton Marauders : RHP Greg Ramsey
Batting: RHB José Serrano 0-0: Foul Ball, location: 3DF
0-1: Foul Ball, location: 9LDF
0-2: Ball
1-2: Ball
2-2: Foul Ball, location: 25F
2-2: Ball
3-2: Strikes out swinging
Batting: RHB Shawn Hartley 0-0: Called Strike
0-1: Foul Ball, location: 5DF
0-2: Fly out, F5 (Line Drive, 6, EV 70.0 MPH)
Batting: RHB Dave Lee 0-0: Ball
1-0: Called Strike
1-1: Ball
2-1: Foul Ball, location: 5SF
2-2: Strikes out swinging
Top of the 2nd over - 0 runs, 0 hits, 0 errors, 0 left on base; Clearwater 0 - Bradenton 0
BOTTOM OF THE 2ND
Bradenton Marauders batting - Pitching for Clearwater Threshers : RHP Reginald Harrison
Batting: RHB Juan Chávez 0-0: Called Strike
0-1: Ball
1-1: Foul Ball, location: 9LMF
1-2: Strikes out swinging
Batting: SHB Jesús Martínez 0-0: Fly out, F7 (Line Drive, 7, EV 100.0 MPH)
Batting: RHB Shawn Blanchard 0-0: Called Strike
0-1: Ball
1-1: Called Strike
1-2: Strikes out swinging
Bottom of the 2nd over - 0 runs, 0 hits, 0 errors, 0 left on base; Clearwater 0 - Bradenton 0
TOP OF THE 3RD
Clearwater Threshers batting - Pitching for Bradenton Marauders : RHP Greg Ramsey
Batting: RHB Kevin Coffey 0-0: Fly out, F8 (Flyball, 8LD, EV 108.1 MPH)
Batting: RHB Danny Snyder 0-0: Ball
1-0: Foul Ball, location: 2F
1-1: Foul Ball, location: 9LSF
1-2: Fly out, F8 (Line Drive, 8LM, EV 98.8 MPH)
Batting: RHB Ezra Hethrington 0-0: Ball
1-0: Fly out, F8 (Flyball, 8RM, EV 95.6 MPH)
Top of the 3rd over - 0 runs, 0 hits, 0 errors, 0 left on base; Clearwater 0 - Bradenton 0
BOTTOM OF THE 3RD
Bradenton Marauders batting - Pitching for Clearwater Threshers : RHP Reginald Harrison
Batting: LHB Charlie Wood 0-0: Ball
1-0: Ball
2-0: Foul Ball, location: 25F
2-1: Fly out, F4 (Popup, 34D, EV 70.6 MPH)
Batting: RHB Andreas Lambert 0-0: Ball
1-0: Swinging Strike
1-1: Ball
2-1: Ball
3-1: DOUBLE (Flyball, 8LXD, EV 95.0 MPH)
Batting: RHB Dan Alexander 0-0: Ball
1-0: Ground out 5-3 (Groundball, 56S, EV 85.6 MPH)
Batting: RHB Rob Parker 0-0: Called Strike
0-1: Swinging Strike
0-2: Ball
1-2: Ball
2-2: Foul Ball, location: 23F
2-2: Ball
3-2: Foul Ball, location: 9LDF
3-2: Base on Balls
Batting: RHB Charlie Howell 0-0: Ball
1-0: Foul Ball, location: 2F
1-1: Foul Ball, location: 9LMF
1-2: Hit by Pitch
Andreas Lambert to third
Rob Parker to second
Batting: LHB Rich Herbert 0-0: Ball
1-0: Called Strike
1-1: Ground out 4-3 (Groundball, 4, EV 79.4 MPH)
Bottom of the 3rd over - 0 runs, 1 hit, 0 errors, 3 left on base; Clearwater 0 - Bradenton 0
TOP OF THE 4TH
Clearwater Threshers batting - Pitching for Bradenton Marauders : RHP Greg Ramsey
Batting: RHB Jake Allen 0-0: SINGLE (Popup, 4D, EV 52.5 MPH)
Batting: RHB Doug McDowell 0-0: Called Strike
0-1: Ball
1-1: Foul Ball, location: 2F
1-2: Ball
2-2: Strikes out swinging
Batting: LHB Jonathan Cole 0-0: Called Strike
0-1: Ball
1-1: Fly out, F8 (Flyball, 8RM, EV 91.9 MPH)
Batting: RHB José Serrano 0-0: Ball
Jake Allen is caught stealing 2nd base 2-4
Top of the 4th over - 0 runs, 1 hit, 0 errors, 0 left on base; Clearwater 0 - Bradenton 0
BOTTOM OF THE 4TH
Bradenton Marauders batting - Pitching for Clearwater Threshers : RHP Reginald Harrison
Batting: RHB Juan Chávez 0-0: Ball
1-0: Ball
2-0: Ground out 5-3 (Groundball, 56S, EV 66.3 MPH)
Batting: SHB Jesús Martínez 0-0: Ball
1-0: Ball
2-0: Called Strike
2-1: Swinging Strike
2-2: Ball
3-2: Base on Balls
Batting: RHB Shawn Blanchard 0-0: Ball
1-0: Called Strike
1-1: Ball
2-1: Ball
3-1: Foul Ball, location: 3DF
3-2: Foul Ball, location: 9LDF
3-2: Strikes out swinging
Batting: LHB Charlie Wood 0-0: Called Strike
0-1: Foul Ball, location: 2F
0-2: Fly out, F8 (Flyball, 8LXD, EV 105.6 MPH)
Bottom of the 4th over - 0 runs, 0 hits, 0 errors, 1 left on base; Clearwater 0 - Bradenton 0
TOP OF THE 5TH
Clearwater Threshers batting - Pitching for Bradenton Marauders : RHP Greg Ramsey
Batting: RHB José Serrano 0-0: Ball
1-0: Ball
2-0: Ball
3-0: Called Strike
3-1: Swinging Strike
3-2: Foul Ball, location: 5FF
3-2: Base on Balls
Batting: RHB Shawn Hartley 0-0: Called Strike
0-1: Sac Bunt to 2L - play at first, batter OUT! 2-4
José Serrano to second
Batting: RHB Dave Lee 0-0: Ball
1-0: Foul Ball, location: 2F
1-1: Ball
2-1: Fly out, F9 (Flyball, 9LD, EV 108.8 MPH)
Runner from 2nd tags up, SAFE at 3rd, no throw by RF
Batting: RHB Kevin Coffey 0-0: Ball
1-0: Ball
2-0: Called Strike
2-1: Called Strike
2-2: Strikes out looking
Top of the 5th over - 0 runs, 0 hits, 0 errors, 1 left on base; Clearwater 0 - Bradenton 0
BOTTOM OF THE 5TH
Bradenton Marauders batting - Pitching for Clearwater Threshers : RHP Reginald Harrison
Batting: RHB Andreas Lambert 0-0: Foul Ball, location: 2F
0-1: Foul Ball, location: 2F
0-2: Ball
1-2: Strikes out looking
Batting: RHB Dan Alexander 0-0: Ground out 6-3 (Groundball, 6, EV 81.9 MPH)
Batting: RHB Rob Parker 0-0: Foul Ball, location: 9LMF
0-1: Ball
1-1: Ball
2-1: Fly out, F9 (Flyball, 9LS, EV 99.4 MPH)
Bottom of the 5th over - 0 runs, 0 hits, 0 errors, 0 left on base; Clearwater 0 - Bradenton 0
TOP OF THE 6TH
Clearwater Threshers batting - Pitching for Bradenton Marauders : RHP Greg Ramsey
Batting: RHB Danny Snyder 0-0: Swinging Strike
0-1: Ball
1-1: Called Strike
1-2: Ground out 5-3 (Groundball, 56, EV 105.6 MPH)
Batting: RHB Ezra Hethrington 0-0: Bunted foul
0-1: Ball
1-1: Called Strike
1-2: Ground out 6-3 (Groundball, 6S, EV 85.6 MPH)
Batting: RHB Jake Allen 0-0: Ball
1-0: Foul Ball, location: 9LDF
1-1: Ground out U3 (Groundball, 34, EV 109.4 MPH)
Top of the 6th over - 0 runs, 0 hits, 0 errors, 0 left on base; Clearwater 0 - Bradenton 0
BOTTOM OF THE 6TH
Bradenton Marauders batting - Pitching for Clearwater Threshers : RHP Reginald Harrison
Batting: RHB Charlie Howell 0-0: Ball
1-0: Called Strike
1-1: Foul Ball, location: 2F
1-2: Foul Ball, location: 9LSF
1-2: Strikes out looking
Batting: LHB Rich Herbert 0-0: Hit by Pitch
Batting: RHB Juan Chávez 0-0: Fly out, F8 (Flyball, 8LD, EV 111.3 MPH)
Batting: SHB Jesús Martínez 0-0: Called Strike
0-1: Swinging Strike
0-2: Fielders Choice at 2nd, 5-4 (Groundball, 5, EV 82.5 MPH)
Bottom of the 6th over - 0 runs, 0 hits, 0 errors, 1 left on base; Clearwater 0 - Bradenton 0
TOP OF THE 7TH
Clearwater Threshers batting - Pitching for Bradenton Marauders : RHP Greg Ramsey
Batting: RHB Doug McDowell 0-0: Ball
1-0: Foul Ball, location: 23F
1-1: Foul Ball, location: 2F
1-2: Foul Ball, location: 9LDF
1-2: Strikes out looking
Batting: LHB Jonathan Cole 0-0: Ball
1-0: Ball
2-0: Swinging Strike
2-1: Foul Ball, location: 2F
2-2: Strikes out swinging
Batting: RHB José Serrano 0-0: Ball
1-0: Foul Ball, location: 2F
1-1: Ball
2-1: Ball
3-1: SINGLE (Line Drive, 9S, EV 92.5 MPH)
Pitching: LHP Ed Folger
Batting: RHB Shawn Hartley 0-0: Called Strike
0-1: Foul Ball, location: 23F
0-2: Ground out 4-3 (Groundball, 4D, EV 97.5 MPH)
Top of the 7th over - 0 runs, 1 hit, 0 errors, 1 left on base; Clearwater 0 - Bradenton 0
BOTTOM OF THE 7TH
Bradenton Marauders batting - Pitching for Clearwater Threshers : RHP Reginald Harrison
Batting: RHB Shawn Blanchard 0-0: Called Strike
0-1: Swinging Strike
0-2: Ball
1-2: SINGLE (Line Drive, 8RS, EV 100.0 MPH)
Pitching: LHP José Carlos Gómez
Batting: LHB Charlie Wood 0-0: Sac Bunt to P - play at first, batter OUT! 1-3
Shawn Blanchard to second
Pitching: RHP Mario Villa
Pinch Hitting: SHB Don Hardin 0-0: Ground out 6-3 (Groundball, 6, EV 101.9 MPH)
Batting: RHB Dan Alexander 0-0: Called Strike
0-1: Ground out U3 (Groundball, 3, EV 78.8 MPH)
Bottom of the 7th over - 0 runs, 1 hit, 0 errors, 1 left on base; Clearwater 0 - Bradenton 0
TOP OF THE 8TH
Clearwater Threshers batting - Pitching for Bradenton Marauders : LHP Ed Folger
Now at 1B: Mike Jordan
Pinch Hitting: RHB T.J. Lacy 0-0: Fly out, F7 (Flyball, 78S, EV 98.8 MPH)
Batting: RHB Kevin Coffey 0-0: Ball
1-0: Ground out 5-3 (Groundball, 56, EV 98.1 MPH)
Batting: RHB Danny Snyder 0-0: Ball
1-0: Ball
2-0: Ball
3-0: Called Strike
3-1: Foul Ball, location: 2F
3-2: Strikes out swinging
Top of the 8th over - 0 runs, 0 hits, 0 errors, 0 left on base; Clearwater 0 - Bradenton 0
BOTTOM OF THE 8TH
Bradenton Marauders batting - Pitching for Clearwater Threshers : RHP Mario Villa
Now in CF: Jonathan Cole
Now in RF: T.J. Lacy
Pinch Hitting: LHB Eddie Baird 0-0: Ball
1-0: Ball
2-0: Called Strike
2-1: Ball
3-1: Swinging Strike
3-2: Base on Balls
Pinch Hitting: RHB Enrico Velásquez 0-0: Grounds into double play, 6-4-3 (Groundball, 6, EV 85.6 MPH)
Batting: LHB Rich Herbert 0-0: Foul Ball, location: 2F
0-1: Called Strike
0-2: Ball
1-2: Ball
2-2: Strikes out swinging
Bottom of the 8th over - 0 runs, 0 hits, 0 errors, 0 left on base; Clearwater 0 - Bradenton 0
TOP OF THE 9TH
Clearwater Threshers batting - Pitching for Bradenton Marauders : LHP Ed Folger
Pitching: RHP Nate MacDonald
Now at 2B: Ken Parker
Now at SS: Jesús Martínez
Now in LF: Max Shields
Pinch Hitting: LHB Johnny Roehl 0-0: Foul Ball, location: 2LF
0-1: Ball
1-1: Ball
2-1: Ball
3-1: Foul Ball, location: 7LSF
3-2: Strikes out swinging
Batting: RHB Jake Allen 0-0: Ball
1-0: Foul Ball, location: 9LMF
1-1: Swinging Strike
1-2: Ball
2-2: Strikes out swinging
Batting: LHB Rod Yabsley 0-0: Foul Ball, location: 7LMFF
0-1: Called Strike
0-2: Ball
1-2: Fly out, F8 (Flyball, 8LD, EV 106.9 MPH)
Top of the 9th over - 0 runs, 0 hits, 0 errors, 0 left on base; Clearwater 0 - Bradenton 0
BOTTOM OF THE 9TH
Bradenton Marauders batting - Pitching for Clearwater Threshers : RHP Mario Villa
Now at 2B: Robinson Manuel
Now at SS: Shawn Hartley
Batting: RHB Juan Chávez 0-0: Ball
1-0: Foul Ball, location: 5F
1-1: Foul Ball, location: 23F
1-2: Strikes out swinging
Pinch Hitting: RHB Reginald Gilleland 0-0: SOLO HOME RUN (Line Drive, 78XD, EV 108.1 MPH), Distance : 423 ft
Bottom of the 9th over - 1 run, 1 hit, 0 errors, 0 left on base; Clearwater 0 - Bradenton 1
Monday, April 1st , 2024 - OOTP Baseball 24.10 Build 82